 Dungeon Crawl Stone Soup version 0.22-a0-570-g58866f5 (webtiles) character file.

30 iamserjio the Shield-Bearer (level 3, -1/23 HPs)
             Began as a Gargoyle Fighter on June 30, 2018.
             Slain by an ogre
             ... wielding a +0 giant club
              (23 damage)
             ... on level 4 of the Dungeon.
             The game lasted 00:01:59 (258 turns).

iamserjio the Shield-Bearer (Gargoyle Fighter)       Turns: 258, Time: 00:02:00

Health: -1/23      AC: 10    Str: 19    XL:     3   Next: 18%
Magic:  3/3        EV:  7    Int:  8    God:
Gold:   46         SH:  9    Dex: 10    Spells: 2/2 levels left

rFire    . . .     SeeInvis .   a - +0 war axe
rCold    . . .     Gourm    .   c - +0 shield
rNeg     + . .     Faith    .   b - +0 scale mail
rPois    ∞         Spirit   .   (no helmet)
rElec    +         Reflect  .   (no cloak)
rCorr    .         Harm     .   (no gloves)
MR       .....                  (no boots)
Stlth    ..........             (no amulet)
HPRegen  0.07/turn              (no ring)
MPRegen  0.08/turn              (no ring)

@: very slightly contaminated
A: negative energy resistance 1, electricity resistance, unbreathing,
petrification resistance, rot immunity, AC +3
a: no special abilities


You were on level 4 of the Dungeon.
You were not hungry.

You visited 1 branch of the dungeon, and saw 4 of its levels.

You collected 46 gold pieces.

Inventory:

Hand Weapons
 a - a +0 war axe (weapon)
Armour
 b - a +0 scale mail (worn)
 c - a +0 shield (worn)
Jewellery
 k - a +2 ring of dexterity {unknown}
Scrolls
 e - a scroll of fog
 m - a scroll of remove curse {@r2}
Potions
 d - a potion of might
 g - a potion of mutation {unknown}
 h - 2 potions of curing {unknown}
 i - a potion of degeneration {unknown}
 j - a potion of agility {unknown}
 l - a potion of heal wounds {unknown}
Comestibles
 f - 3 rations


   Skills:
 + Level 3.5 Fighting
 * Level 2.2 Axes
 + Level 3.5 Armour
 * Level 3.8 Shields


You had 2 spell levels left.
You didn't know any spells.
Your spell library was empty.

Dungeon Overview and Level Annotations

Branches:
Dungeon (4/15)
 Temple: D:4-7

Altars:


Innate Abilities, Weirdness & Mutations

You are resistant to torment.
Your stone body is resilient. (AC +3)
You are immune to poison.
You resist negative energy. (rN+)
You are resistant to electric shocks. (rElec)
You can survive without breathing.
You are immune to petrification.
You are immune to rotting.


Message History

e - a scroll of fog
m - a scroll labeled UKAEHU QANYIFEY
As you read the scroll of identify {@r1}, it crumbles to dust.
m - a scroll of remove curse Blink to where?
Press: ? - help, Dir - move target cursor You are very lightly contaminated with residual magic.
As you read the scroll labeled RAPTEZ ZOBASMO, it crumbles to dust.
It was a scroll of blinking.
i - a blue potion
Found a metallic emerald potion and an inky potion.
j - a metallic emerald potion
h - 2 inky potions (gained 1)
Found 3 gold pieces.
An ogre comes into view. It is wielding a giant club.
The ogre shouts!
Your shield and scale mail prevent you from hitting the ogre.
The ogre hits you with a giant club!!
Ouch! That really hurt!
You die...

## #.# #####
......#####.# #...#
..........#.###.#.#
##..#. #.......#.#
......####.######.# #
##.......#.######.###.##
...................§....
#......O..#.#####.###.##
#.....@..#.# #.# #
..........#.# #.#
#....#+##.#.# #.# #..$
#.#.. #.# #.. #.##.
#.### +. #.. #..<# # ##
#####


You could see an ogre.

Vanquished Creatures
  2 leopard geckos (D:1)
  3 giant cockroaches (D:1)
  3 hobgoblins (D:1)
  2 jackals (D:3)
  2 ball pythons (D:1)
  4 bats
  A frilled lizard (D:1)
  5 goblins (D:1)
  2 kobolds
  3 rats
27 creatures vanquished.

Notes
Turn   | Place    | Note
-------+----------+-------------------------------------------
     0 | D:1      | iamserjio the Gargoyle Fighter began the quest for the Orb.
     0 | D:1      | Reached XP level 1. HP: 14/14 MP: 1/1
     3 | D:1      | Noticed a centaur
     6 | D:1      | Noticed an octopode
     6 | D:1      | Noticed a halfling
     8 | D:1      | Noticed a merfolk
     8 | D:1      | Noticed a tengu
    10 | D:1      | Noticed a ghoul
    12 | D:1      | Noticed a spriggan
    12 | D:1      | Noticed a human
    14 | D:1      | Noticed a minotaur
    14 | D:1      | Noticed a demonspawn
    16 | D:1      | Noticed a gargoyle
    16 | D:1      | Noticed a vine stalker
    18 | D:1      | Noticed a draconian
    20 | D:1      | Noticed a naga
    20 | D:1      | Noticed a dwarf
    22 | D:1      | Noticed a formicid
    22 | D:1      | Noticed a troll
    24 | D:1      | Noticed a felid
    24 | D:1      | Noticed a vampire
    26 | D:1      | Noticed an elf
    26 | D:1      | Noticed a demigod
    28 | D:1      | Noticed an ogre
    51 | D:1      | Reached XP level 2. HP: 19/19 MP: 2/2
   153 | D:1      | Reached XP level 3. HP: 17/23 MP: 3/3
   255 | D:4      | Noticed an ogre
   258 | D:4      | Slain by an ogre

Vault maps used:
D:1:      kb_arrival_jail
D:2:      bloody_makhleb
D:3:      zin_statuary, lemuel_coloured_pillars_altar
D:4:      first_ration, ebering_ghost_reflecting_pool, uniq_edmund

Skill      XL: |  1 |
---------------+----+-----
Axes           | 2 |  2.2
Fighting       | |  3.5
Armour         | |  3.5
Shields        | |  3.8

Action                   || total
-------------------------++-------
Melee: War axe           ||    68
  Use: Scroll            ||     3
Armor: Scale mail        ||    56
Dodge: Dodged            ||    31
Block: Shield            ||    49

Table legend:
 A = Spawn XP
 B = Non-spawn XP
 C = Spawn XP percentage of total XP
 D = Spawn monster count
 E = Non-spawn monster count
 F = Spawn count percentage of total count
 G = Total turns spent on level
                    A         B        C        D         E        F      G
               +---------+---------+-------+---------+---------+-------+---------
         Total |       0 |      43 |   0.0 |       0 |      27 |   0.0 |   258
               +---------+---------+-------+---------+---------+-------+---------
           D:1 |       0 |      35 |   0.0 |       0 |      22 |   0.0 |   166
           D:2 |       0 |       3 |   0.0 |       0 |       2 |   0.0 |    36
           D:3 |       0 |       5 |   0.0 |       0 |       3 |   0.0 |    21
               +---------+---------+-------+---------+---------+-------+---------
